 Seeded DCSS version 0.28.0-56-g4927b6849a (webtiles) character file.

Game seed: 3877315361671131789 (custom seed)

238 tkbsonic5 the Skirmisher (level 5, 0/47 HPs)
             Began as a Minotaur Fighter on Jan 26, 2023.
             Killed by nerve-wracking pain
             ... invoked by Grinder
              (6 damage)
             ... while paralysed by Grinder
             ... on level 3 of the Dungeon.
             The game lasted 00:04:04 (2209 turns).

tkbsonic5 the Skirmisher (Minotaur Fighter)         Turns: 2209, Time: 00:04:05

Health: 0/47       AC:  9    Str: 23    XL:     5   Next: 78%
Magic:  4/4        EV:  2    Int:  5    God:
Gold:   121        SH:  0    Dex:  9    Spells: 4/4 levels left

rFire   + . .      SeeInvis .   a - +0 long sword
rCold   + . .      Faith    .   c - +0 buckler
rNeg    . . .      Spirit   .   e - +0 chain mail
rPois   +          Reflect  .   l - +0 hat
rElec   +          Harm     .   (no cloak)
rCorr   +          Rampage  .   (no gloves)
Will    .....                   (no boots)
Stlth   ..........              (no amulet)
HPRegen 0.15/turn               (no ring)
MPRegen 0.09/turn               (no ring)

@: paralysed, resistant, weak-willed
A: horns 2, retaliatory headbutt
a: no special abilities


You were on level 3 of the Dungeon.
You visited 1 branch of the dungeon, and saw 3 of its levels.

You collected 121 gold pieces.

Inventory:

Hand Weapons
 a - a +0 long sword (weapon)
 d - a +3 scythe
Missiles
 h - 2 poisoned darts (quivered)
 m - 2 throwing nets
Armour
 b - a +0 scale mail
 c - a +0 buckler (worn)
 e - a +0 chain mail (worn)
 l - a +0 hat (worn)
Scrolls
 f - a scroll of blinking {unknown}
 j - a scroll of amnesia {unknown}
Potions
 i - 2 potions of resistance


   Skills:
 * Level 4.9 Fighting
 * Level 4.8 Long Blades
 + Level 1.2 Throwing
 + Level 4.3 Armour
 * Level 2.0 Dodging
 + Level 4.0 Shields


You had 4 spell levels left.
You didn't know any spells.
Your spell library was empty.

Dungeon Overview and Level Annotations

Branches:
Dungeon (3/15)

Altars:

Annotations:
D:3 Grinder


Innate Abilities, Weirdness & Mutations

You have a pair of horns on your head.
You reflexively headbutt those who attack you in melee.


Message History

Grinder is lightly wounded.
Grinder hits you. Grinder hits you but does no damage.
You hit Grinder.
Grinder is moderately wounded.
Grinder hits you.
You hit Grinder. You headbutt Grinder, but do no damage.
Grinder is moderately wounded.
Grinder hits you.
You writhe in agony.
You barely miss Grinder.
Grinder is moderately wounded.
Grinder completely misses you.
You barely miss Grinder.
Grinder is moderately wounded.
Grinder barely misses you.
You hit Grinder.
Grinder is moderately wounded.
Grinder hits you.
Grinder blinks!
You are too injured to fight recklessly!
You are too injured to fight recklessly!
It was a potion of resistance.
You feel protected.
As you read the scroll labelled JEN QECWEO, it crumbles to dust.
You feel aware of your surroundings.
You sensed 1 altar.
It was a scroll of magic mapping.
As you read the scroll labelled DUWADWOPIEQ, it crumbles to dust.
Magic quickly surges around you.
It was a scroll of vulnerability.
You barely miss Grinder. You headbutt Grinder.
Grinder is heavily wounded.
Grinder hits you.
You writhe in agony.
You hit Grinder.
Grinder is heavily wounded.
Grinder gestures at you.
You suddenly lose the ability to move!
Grinder hits you.
* * * LOW HITPOINT WARNING * * *
You writhe in agony.
* * * LOW HITPOINT WARNING * * *
Grinder gestures at you. Pain shoots through your body!
You die...

**,,,,≈,≈≈≈≈≈≈≈≈≈≈≈≈≈≈≈≈≈≈≈≈≈≈≈≈≈
,,,,,≈,≈≈≈≈≈≈≈≈≈≈≈≈≈≈≈≈≈≈≈≈≈≈≈≈≈≈
,,,≈,≈≈≈≈≈≈≈≈≈≈≈≈≈≈≈≈P≈≈≈,≈≈≈≈,,*
,,,≈,≈≈≈≈≈≈≈≈≈≈≈≈.≈≈P≈≈≈≈,,,≈,,≈≈
,,≈≈≈≈≈≈≈≈≈PP..≈.......,,,,,,,,,,
,≈≈≈≈≈≈≈≈P..≈≈.......#,,,,,,,,,,,
,≈≈≈≈≈,,,P........!.#####,,,,,,,,
≈,≈≈≈≈,≈,.......5?......##*,,,,,,
≈≈≈≈≈≈,,,,....##@.........,,****,
≈≈≈≈,,,,,.................,**,,**
≈≈≈*,,,,,....###........#*,*,,,,*
≈≈**,,,,,...............#*,*,,*,,
≈≈***,,,,,...#.....######*,**,**,
≈** ***,,,.....#.#.## *,,*,,** **
*,,,...###.#..# **,,,,,, *
*,,,...* #.##.## *,,,**,, *****
*,,,..,**#.*#..# *,*##*,,


You could see Grinder (weak-willed).

Vanquished Creatures
  Sigmund (D:2)
  A hound skeleton (D:2)
  An adder (D:2)
  A worm (D:2)
  A dart slug (D:1)
  8 ball pythons
  3 endoplasms
  A giant cockroach (D:1)
  3 goblins
  4 hobgoblins
  8 kobolds
  3 quokkas
  6 bats
  4 frilled lizards
  5 rats
50 creatures vanquished.

Notes
Turn   | Place    | Note
-------+----------+-------------------------------------------
     0 | D:1      | tkbsonic5 the Minotaur Fighter began the quest for the Orb.
     0 | D:1      | Reached XP level 1. HP: 19/19 MP: 0/0
   123 | D:1      | Reached XP level 2. HP: 27/27 MP: 1/1
   750 | D:1      | Reached XP level 3. HP: 33/34 MP: 2/2
   751 | D:1      | Reached skill level 1 in Dodging
  1654 | D:2      | Noticed Sigmund
  1660 | D:2      | Killed Sigmund
  1661 | D:2      | Reached skill level 1 in Throwing
  1661 | D:2      | Reached XP level 4. HP: 19/41 MP: 3/3
  1661 | D:2      | Reached XP level 5. HP: 22/47 MP: 4/4
  2193 | D:3      | Noticed Grinder
  2207 | D:3      | Paralysed by Grinder for 5 turns
  2209 | D:3      | Killed from afar by Grinder

Illustrated notes

Levels and vault maps discovered:
D:1:      amcnicky_arrival_double_pillar, layout_basic
D:2:      layout_basic, uniq_sigmund
D:3:      layout_rooms, nicolae_ecumenical_snake_handling, chequers_big_river,
          minmay_close_crescents, uniq_grinder

Skill      XL: |  1  2  3 |
---------------+----------+-----
Fighting       | 4 |  4.9
Dodging        | 2 |  2.0
Long Blades    | 4 |  4.8
Throwing       | 1 |  1.2
Armour         | 4 |  4.3
Shields        | 4 |  4.0

Action                   |  1- 3 |  4- 6 || total
-------------------------+-------+-------++-------
Melee: Long sword        |   101 |    20 ||   121
       Headbutt          |    11 |     2 ||    13
Throw: Dart              |    15 |       ||    15
  Use: Potion            |     1 |     1 ||     2
       Scroll            |       |     2 ||     2
Armor: Chain mail        |    54 |     8 ||    62
       Scale mail        |     4 |       ||     4
Dodge: Dodged            |    33 |     4 ||    37
Block: Buckler           |    15 |       ||    15
